 Dungeon Crawl Stone Soup version 0.30-a0-847-g17996783a1 (webtiles) character file.

Game seed: 7991144057945445825

98 cforsyth the Sneak (level 5, 0/32 HPs)
             Began as a Kobold Brigand on Mar 4, 2023.
             Slain by Natasha (2 damage)
             ... on level 2 of the Dungeon.
             The game lasted 00:01:59 (1712 turns).

cforsyth the Sneak (Kobold Brigand)                 Turns: 1712, Time: 00:02:00

Health: 0/32       AC:  3    Str:  8    XL:     5   Next: 0%
Magic:  5/5        EV: 15    Int: 13    God:
Gold:   73         SH:  0    Dex: 18    Spells: 4/4 levels left

rFire   . . .      SeeInvis .    a - +2 dagger
rCold   . . .      Faith    .    (no shield)
rNeg    . . .      Spirit   .    b - +0 robe
rPois   .          Reflect  .    (no helmet)
rElec   .          Rampage  .    c - +0 cloak
rCorr   .                        (no gloves)
Will    .....                    (no boots)
Stlth   ++++                     (no amulet)
HPRegen 0.25/turn                (no ring)
MPRegen 0.09/turn                (no ring)

@: attractive
A: small, no large weapons, nightstalker 3
a: no special abilities


You were on level 2 of the Dungeon.
You visited 1 branch of the dungeon, and saw 2 of its levels.

You collected 73 gold pieces.

Inventory:

Hand Weapons
 a - a +2 dagger (weapon)
Missiles
 d - 9 poisoned darts (quivered)
 e - 3 curare-tipped darts
Armour
 b - a +0 robe (worn)
 c - a +0 cloak (worn)
Scrolls
 f - a scroll of noise {unknown}
 g - a scroll of acquirement {unknown}
 h - a scroll of identify {unknown}
 i - 3 scrolls of vulnerability {unknown}
Potions
 j - a potion of heal wounds {unknown}
 k - a potion of curing {unknown}
 m - a potion of degeneration {unknown}


   Skills:
 + Level 3.2 Fighting
 + Level 3.9 Short Blades
 - Level 2.1 Throwing
 + Level 2.7 Dodging
 + Level 6.1 Stealth


You had 4 spell levels left.
You didn't know any spells.
Your spell library was empty.

Dungeon Overview and Level Annotations

Branches:
Dungeon (2/15)

Altars:
Ashenzari

Annotations:
D:2 Natasha


Innate Abilities, Weirdness & Mutations

You are small and have problems with some larger weapons.
You are completely attuned to the shadows.


Message History

You miss Natasha.
Natasha is heavily wounded.
The crimson imp closely misses you.
You closely miss Natasha.
Natasha is heavily wounded.
Natasha claws you.
You closely miss Natasha.
Natasha is heavily wounded.
The crimson imp barely misses you. Natasha misses you.
You closely miss Natasha.
Natasha is heavily wounded.
The crimson imp misses you.
Natasha casts a spell.
You hit Natasha.
Natasha is severely wounded.
The crimson imp hits you.
Natasha stares at you and mumbles some strange words.
The magic dart hits you.
* * * LOW HITPOINT WARNING * * *
You are too injured to fight recklessly!
You are too injured to fight recklessly!
You hit Natasha but do no damage.
Natasha is severely wounded.
The crimson imp grins evilly.
The crimson imp completely misses you.
You hit Natasha.
Natasha is severely wounded.
Natasha casts a spell at you. The magic dart hits you!
* * * LOW HITPOINT WARNING * * *
You barely miss Natasha.
Natasha is severely wounded.
The crimson imp hits you but does no damage.
Natasha barely misses you.
It was a potion of attraction.
You feel attractive to monsters. The crimson imp hits you.
* * * LOW HITPOINT WARNING * * *
Natasha claws you.
You die...

.#)# #.#.# #.........# ##.#
#.#.# #....###.### #.#
#.########...###.†..#######
##.# #.#
#........##......#†....
...# #.#
#.######.###.....######
#### #.# #.#....#.##.#†#.P#
# #.# #.###..#.###†P.#P#
#######.# #.....5#.#
###P### .......<#
######@#.# ## #########
#h#.# .5#.#
####.##############
#.....)......<.... ###
#.#.##############
########.# #.#........#
.........# #.#.#.####.#
########.# #.#.#....#.#


You could see Natasha and 2 crimson imps.

Vanquished Creatures
  Natasha (D:2)
  2 adders (D:2)
  2 worms (D:2)
  2 dart slugs (D:1)
  2 endoplasms (D:1)
  A giant cockroach (D:1)
  6 goblins
  4 hobgoblins
  3 jackals (D:2)
  4 kobolds
  3 quokkas
  6 ball pythons
  2 bats (D:1)
  A frilled lizard (D:1)
  3 rats
42 creatures vanquished.

Notes
Turn   | Place    | Note
-------+----------+-------------------------------------------
     0 | D:1      | cforsyth the Kobold Brigand began the quest for the Orb.
     0 | D:1      | Reached XP level 1. HP: 12/12 MP: 1/1
   178 | D:1      | Reached XP level 2. HP: 18/18 MP: 2/2
   341 | D:1      | Reached XP level 3. HP: 22/22 MP: 3/3
   810 | D:2      | Noticed Natasha
   820 | D:2      | Killed Natasha
   821 | D:2      | Reached XP level 4. HP: 27/27 MP: 4/4
   925 | D:2      | Reached skill level 6 in Stealth
   962 | D:2      | Found a broken altar of Ashenzari.
  1696 | D:2      | Reached XP level 5. HP: 32/32 MP: 5/5
  1696 | D:2      | Noticed Natasha
  1712 | D:2      | Slain by Natasha

Illustrated notes

Levels and vault maps discovered:
D:1:      wander_arrival_chamber, layout_rooms, hangedman_decor_slide_cut,
          chequers_big_river
D:2:      layout_basic, basic_altar, minmay_stone_trees_small,
          kennysheep_crisscross, serial_park_tiny_2, minmay_shallow_snake_nest,
          uniq_natasha

Skill      XL: |  1  2  3  4 |
---------------+-------------+-----
Short Blades   | 3 |  3.9
Dodging        | 2 |  2.7
Fighting       | 3 |  3.2
Stealth        | 6 |  6.1
Throwing       | |  2.1

Action                     |  1- 3 |  4- 6 || total
---------------------------+-------+-------++-------
  Melee: Dagger            |    57 |    62 ||   119
    Use: Potion            |       |     1 ||     1
   Stab: Sleeping          |    17 |     8 ||    25
 Armour: Robe              |     7 |     9 ||    16
  Dodge: Dodged            |    32 |    33 ||    65

Table legend: (Time is in decaauts)
 A = Elapsed time spent in this place.
 B = Non-inter-level travel time spent in this place.
 C = Inter-level travel time spent in this place.
 D = Time resting spent in this place.
 E = Time spent auto-exploring this place.
 F = Levels seen in this place.
 G = Mean time per level.
                   A        B        C        D        E       F      G
               +--------+--------+--------+--------+--------+-----+--------+
         Total |   1710 |   1704 |      6 |      0 |   1424 |   2 |  855.0 |
       Dungeon |   1710 |   1704 |      6 |      0 |   1424 |   2 |  855.0 |
               +--------+--------+--------+--------+--------+-----+--------+

Top non-repeatable levels by time:
     D:2: 973 daAuts
     D:1: 737 daAuts
